 Dungeon Crawl Stone Soup version 0.27-a0-1101-ge311f74bc8 (webtiles) character file.

Game seed: 4826160913541055356

172 wewepker the Chopper (level 5, -1/48 HPs)
             Began as a Minotaur Berserker on Apr 28, 2021.
             Was a Believer of Trog.
             Slain by a kobold
             ... wielding a +0 club
              (4 damage)
             ... on level 3 of the Dungeon.
             The game lasted 00:05:16 (2737 turns).

wewepker the Chopper (Minotaur Berserker)           Turns: 2737, Time: 00:05:17

Health: -1/48      AC:  5    Str: 21    XL:     5   Next: 27%
Magic:  4/4        EV: 11    Int:  5    God:    Trog [**....]
Gold:   119        SH:  0    Dex: 10    Spells: 4/4 levels left

rFire    . . .     SeeInvis .   a - +0 hand axe
rCold    . . .     Faith    .   (no shield)
rNeg     . . .     Spirit   .   m - +0 ring mail
rPois    .         Reflect  .   (helmet restricted)
rElec    .         Harm     .   (no cloak)
rCorr    .         Rampage  .   (no gloves)
Will     .....                  (no boots)
Stlth    +.........             (no amulet)
HPRegen  0.16/turn              (no ring)
MPRegen  0.09/turn              (no ring)

@: no status effects
A: horns 2, retaliatory headbutt
a: Renounce Religion, Berserk, Trog's Hand


You were on level 3 of the Dungeon.
You worshipped Trog.
Trog was pleased with you.
You visited 1 branch of the dungeon, and saw 3 of its levels.

You collected 119 gold pieces.

Inventory:

Hand Weapons
 a - a +0 hand axe (weapon)
Missiles
 g - 6 curare-tipped darts
Armour
 b - a +0 animal skin
 m - a +0 ring mail (worn)
Scrolls
 e - a scroll of brand weapon
 i - a scroll of summoning
 j - a scroll of amnesia {unknown}
 k - 4 scrolls of magic mapping {unknown}
 l - a scroll of enchant armour {unknown}
Potions
 d - a potion of lignification
 h - a potion of brilliance


   Skills:
 + Level 5.1 Fighting
 + Level 5.3 Axes
 + Level 3.0 Armour
 + Level 3.0 Dodging
 + Level 0.6 Stealth


You had 4 spell levels left.
You didn't know any spells.
Your spell library was empty.

Dungeon Overview and Level Annotations

Branches:
Dungeon (3/15)

Altars:
Xom
Yredelemnul

Shops:
D:2 *

Annotations:
D:3 1 runed translucent door


Innate Abilities, Weirdness & Mutations

You have a pair of horns on your head.
You reflexively headbutt those who attack you in melee.


Message History

You kill the jackal!
Trog accepts your kill. The orc barely misses you.
Items here: ) [ ††††.
There are monsters nearby!
There are monsters nearby!
There are monsters nearby!
There are monsters nearby!
The orc closely misses you.
There are monsters nearby!
The orc hits you but does no damage. The orc misses you.
Items here: ) [ ††††.
You closely miss the orc. You headbutt the orc, but do no damage.
You barely miss the orc. The orc barely misses you.
The orc hits you with a +0 trident.
* * * LOW HITPOINT WARNING * * *
You hit the orc but do no damage. You hit the orc.
You kill the orc!
Trog accepts your kill. The orc hits you but does no damage.
You hit the orc.
The orc is lightly wounded.
The orc misses you.
You barely miss the orc. Your headbutt misses the orc.
The orc is lightly wounded.
You hit the kobold but do no damage. The kobold closely misses you.
The orc hits you but does no damage.
You hit the orc. You headbutt the orc, but do no damage.
The orc is moderately wounded.
You hit the kobold. The kobold barely misses you.
The orc hits you with a +0 dagger.
* * * LOW HITPOINT WARNING * * *
You hit the orc.
You kill the orc!
Trog accepts your kill.
You hit the kobold but do no damage. The kobold closely misses you.
You furiously retaliate!
You headbutt the kobold, but do no damage.
The kobold hits you with a +0 club.
You die...

### .... #####.#
....####.....#
oho....#.#
..._...#)##############
.......#@K............#
.......†.############.#
.......#.# #.#
.......#.# #.#
##..'#.#.# #.#
......+#.# #.# .### .
..# ## ####.# #. ..#
#... #....# .. ..#
#._.##..).#


You could see a kobold.

Vanquished Creatures
  2 orc priests (D:3)
  3 gnolls (D:2)
  2 adders (D:2)
  2 dart slugs (D:1)
  4 orcs (D:3)
  5 bats
  5 endoplasms
  2 giant cockroaches
  5 goblins
  4 hobgoblins
  6 jackals
  3 kobolds
  2 quokkas
  3 ball pythons
  2 frilled lizards
  A kobold skeleton (D:3)
  A kobold zombie (D:3)
  5 rats (D:1)
57 creatures vanquished.

Notes
Turn   | Place    | Note
-------+----------+-------------------------------------------
     0 | D:1      | wewepker the Minotaur Berserker began the quest for the
                  | Orb.
     0 | D:1      | Reached XP level 1. HP: 19/19 MP: 0/0
   310 | D:1      | Reached XP level 2. HP: 27/27 MP: 1/1
   954 | D:1      | Reached XP level 3. HP: 34/34 MP: 2/2
  1378 | D:2      | Found Gunt's General Store.
  1487 | D:2      | Reached ** piety under Trog
  1492 | D:2      | Reached XP level 4. HP: 10/41 MP: 3/3
  2610 | D:3      | Noticed a human
  2612 | D:3      | Found a runed translucent door.
  2624 | D:3      | Found a basalt altar of Yredelemnul.
  2695 | D:3      | Found a shimmering altar of Xom.
  2723 | D:3      | Reached skill level 5 in Fighting
  2723 | D:3      | Reached skill level 5 in Axes
  2727 | D:3      | Reached XP level 5. HP: 7/48 MP: 4/4
  2735 | D:3      | HP: 2/48 [orc/+0 dagger (2)]
  2737 | D:3      | Slain by a kobold

Illustrated notes

Levels and vault maps discovered:
D:1:      saegor_arrival_miasma, layout_loops_ring
D:2:      layout_rooms, serial_shops, shop, minmay_misc_feat_square
D:3:      layout_basic, dk_yredelemnul_ordeal, overflow_temple_1_default,
          minmay_diced_spiral

Skill      XL: |  1  2  3  4 |
---------------+-------------+-----
Axes           | 4 5 |  5.3
Fighting       | 4 5 |  5.1
Armour         | 3 |  3.0
Dodging        | 3 |  3.0
Stealth        | |  0.6

Action                   |  1- 3 |  4- 6 || total
-------------------------+-------+-------++-------
Melee: Hand axe          |    71 |    53 ||   124
       Headbutt          |    11 |    10 ||    21
Invok: Berserk           |     1 |       ||     1
  Use: Scroll            |       |     5 ||     5
 Stab: Sleeping          |     2 |       ||     2
Armor: Animal skin       |    19 |     3 ||    22
       Ring mail         |       |    22 ||    22
Dodge: Dodged            |    66 |    48 ||   114

Table legend: (Time is in decaauts)
 A = Elapsed time spent in this place.
 B = Non-inter-level travel time spent in this place.
 C = Inter-level travel time spent in this place.
 D = Time resting spent in this place.
 E = Time spent auto-exploring this place.
 F = Levels seen in this place.
 G = Mean time per level.
                   A        B        C        D        E       F      G
               +--------+--------+--------+--------+--------+-----+--------+
         Total |   2755 |   2717 |     38 |   1127 |   1057 |   3 |  918.3 |
       Dungeon |   2755 |   2717 |     38 |   1127 |   1057 |   3 |  918.3 |
               +--------+--------+--------+--------+--------+-----+--------+

Top non-repeatable levels by time:
     D:2: 1460 daAuts
     D:1: 1161 daAuts
     D:3: 133 daAuts
